 Dungeon Crawl Stone Soup version 0.31.0-12-g77e489cdc1 (webtiles) character file.

Game seed: 6497745825225467411

235 jagang the Ruffian (level 5, -6/41 HPs)
             Began as a Demigod Shapeshifter on Feb 15, 2024.
             Killed from afar by a white imp (8 damage)
             ... with a puff of frost
             ... on level 4 of the Dungeon.
             The game lasted 00:03:53 (2720 turns).

jagang the Ruffian (Demigod Shapeshifter)           Turns: 2720, Time: 00:03:55

Health: -6/41      AC:  2    Str: 19    XL:     5   Next: 47%
Magic:  7/7        EV: 12    Int: 12    God:
Gold:   142        SH:  0    Dex: 13    Spells: 4/4 levels left

rFire   . .          .
                       - Unarmed
rCold   . . .        (no shield)
rNeg    . . .        a - +0 animal skin
rPois   .            (helmet currently unavailable)
rElec   .            (cloak currently unavailable)
rCorr   .            (gloves currently unavailable)
SInv    .            (boots currently unavailable)
Will    .....        (no amulet)
Stlth   +            (no ring)
HPRegen 0.26/turn    (no ring)
MPRegen 0.10/turn

%: no passive effects
@: beast-form
A: beast (slay +2), high MP 1, forlorn, divine attributes
a: Begin Untransformation


You were on level 4 of the Dungeon.
You were a hulking beast.
You visited 1 branch of the dungeon, and saw 4 of its levels.

You collected 142 gold pieces.

Inventory:

Armour
 a - a +0 animal skin (worn)
 p - the +1 hat of the Endless Ships {rPois Will+ Str+3}
   (You found it on level 3 of the Dungeon)

   Str+3:     It affects your strength (+3).
   rPois:     It protects you from poison Will+: It increases your willpower.
Talismans
 c - a beast talisman
 d - a flux talisman
Wands
 n - a wand of charming (5)
Scrolls
 i - a scroll of silence {unknown}
 j - 2 scrolls of identify {unknown}
 k - 2 scrolls of teleportation {unknown}
 m - a scroll of enchant armour {unknown}
 o - a scroll of blinking {unknown}
 q - a scroll of enchant weapon {unknown}
Potions
 b - a potion of lignification
 e - a potion of degeneration {unknown}
 f - a potion of might {unknown}
 g - 2 potions of curing
 h - 3 potions of berserk rage {unknown}
 l - a potion of haste {unknown}
 r - a potion of magic {unknown}
 s - 2 potions of attraction {unknown}


   Skills:
 + Level 2.1 Fighting
 + Level 2.6 Dodging
 * Level 4.0 Unarmed Combat
 * Level 3.9 Shapeshifting


You had 4 spell levels left.
You didn't know any spells.
Your spell library contained the following spells:

 Spells                   Type           Power      Damage    Failure   Level
 Apportation              Tloc           0%         N/A       32%         1
 Necrotise                Necr           0%         1d4       32%         1
 Sting                    Conj/Alch      0%         1d3       32%         1
 Summon Small Mammal      Summ           0%         N/A       32%         1


Dungeon Overview and Level Annotations

Branches:
Dungeon (4/15)
 Temple: D:4-7

Shops:
D:3 [


Innate Abilities, Weirdness & Mutations

You are a hulking beast.
Your limbs bulge with bestial killing power. (Slay +2)
You have an increased reservoir of magic. (+10% MP)
You shall have no god before yourself.
Your divine heritage dramatically boosts your attributes as you level up.


Message History

You are more poisoned.
It was a potion of curing.
You feel better. The orc wizard barely misses you.
You hit the orc wizard.
The orc wizard is almost dead.
The orc wizard casts a spell.
The orc wizard flickers and vanishes!
The white imp gestures at you.
The puff of frost hits something.
Reactivating autopickup.
You feel a bit more experienced.
Your Unarmed Combat skill increases to level 4!
The ufetubus barely misses you.
The ufetubus hits you but does no damage.
You closely miss the ufetubus. The ufetubus slips past you!
The ufetubus hits you. The ufetubus closely misses you.
You hear some strange, mumbled words.
A puff of flame appears from out of thin air!
Deactivating autopickup; reactivate with Ctrl-A.
The puff of flame hits you!
You hit the white imp but do no damage. The ufetubus hits you. x2
Unknown command.
You closely miss the ufetubus. The ufetubus closely misses you.
The ufetubus hits you.
* * * LOW HITPOINT WARNING * * *
The white imp barely misses you. The ufetubus barely misses you.
The ufetubus hits you.
* * * LOW HITPOINT WARNING * * *
You closely miss the ufetubus. The white imp hits you.
* * * LOW HITPOINT WARNING * * *
The white imp freezes you.
* * * LOW HITPOINT WARNING * * *
The ufetubus misses you. x2
The hound stops to sniff the ground.
You hit the ufetubus.
The ufetubus is heavily wounded.
The ufetubus closely misses you. The ufetubus hits you.
* * * LOW HITPOINT WARNING * * *
The white imp gestures at you. The puff of frost hits you!
You die...

##..#...##
........ .......
...$. 5oo. {h#
#5# #h# #5#
#.##############
#..............#
##############.#
#.# #.# #.# #.#


You could see a hound, a white imp, 2 ufetubi and 2 orcs.

Vanquished Creatures
  A jelly (D:4)
  Terence (D:2)
  A scorpion zombie (D:3)
  2 hound skeletons (D:3)
  3 adders (D:3)
  2 adder zombies (D:3)
  An orc (D:3)
  8 ball pythons
  8 endoplasms
  2 giant cockroaches (D:3)
  3 goblins
  10 hobgoblins
  2 jackals (D:1)
  8 kobolds
  2 quokkas
  9 bats
  4 frilled lizards
  A giant cockroach zombie (D:3)
  A jackal zombie (D:3)
  5 rats
74 creatures vanquished.

Vanquished Creatures (others)
  An orc wizard (D:4)
1 creature vanquished.

Grand Total: 75 creatures vanquished

Notes
Turn   | Place    | Note
-------+----------+-------------------------------------------
     0 | D:1      | jagang the Demigod Shapeshifter began the quest for the
                  | Orb.
     0 | D:1      | Reached XP level 1. HP: 15/15 MP: 3/3
    31 | D:1      | Reached skill level 1 in Fighting
   162 | D:1      | Reached XP level 2. HP: 16/23 MP: 4/4
   482 | D:1      | Reached skill level 3 in Unarmed Combat
  1064 | D:2      | Reached XP level 3. HP: 28/28 MP: 5/5
  1546 | D:2      | Noticed Terence
  1568 | D:2      | Killed Terence
  1854 | D:3      | Reached XP level 4. HP: 36/36 MP: 6/6
  1869 | D:3      | Identified the +1 hat of the Endless Ships {rPois Will+
                  | Str+3}
  2246 | D:3      | Found Wofiahi's Armour Emporium.
  2507 | D:3      | Reached XP level 5. HP: 40/41 MP: 7/7
  2715 | D:4      | Reached skill level 4 in Unarmed Combat
  2720 | D:4      | HP: 2/41 [ufetubus (3)]
  2720 | D:4      | Killed from afar by a white imp

Illustrated notes

Levels and vault maps discovered:
D:1:      dpeg_arrival_shelter, layout_basic,
          shapermc_ecumenical_altar_mp_vishouse
D:2:      layout_loops_cross, minmay_pentomino_p2, uniq_terence
D:3:      layout_rooms, serial_undead, serial_undead_c, serial_undead_e,
          serial_undead_f, serial_undead_c, serial_undead_b, serial_undead_b,
          serial_undead_f, serial_undead_d, serial_shops, shop, st_stairs_7,
          minmay_randomly_rotated_circles
D:4:      layout_loops_ring, minmay_temple_entry_drinking_statues,
          serial_demonic, serial_demonic_a, serial_demonic_f, serial_demonic_a,
          serial_demonic_e

Skill      XL: |  1  2  3  4  5 |
---------------+----------------+-----
Fighting       | 1 2 |  2.1
Dodging        | 2 |  2.6
Shapeshifting  | 3 |  3.9
Unarmed Combat | 3 4 |  4.0

Action                     |  1- 3 |  4- 6 || total
---------------------------+-------+-------++-------
  Melee: Unarmed           |   147 |   109 ||   256
         Punch             |       |     5 ||     5
    Use: Potion            |       |     1 ||     1
   Stab: Sleeping          |     2 |     1 ||     3
 Armour: Animal skin       |    62 |    67 ||   129
  Dodge: Dodged            |    94 |    63 ||   157
